[Event "FIDE WSCC 50 2022"]
[Site "Assisi"]
[Date "2022.11.26"]
[Round "11.9"]
[White "Antic, Dejan"]
[Black "Terentiev, Sergei"]
[Result "1-0"]
[ECO "D72"]
[WhiteElo "2412"]
[BlackElo "2274"]
[Annotator "TA"]
[PlyCount "93"]
[EventDate "2022.11.14"]
[EventType "swiss"]
[EventCountry "ITA"]
[SourceTitle "playchess.com"]
[Source "ChessBase"]
[SourceQuality "1"]
[TimeControl "40/5400+30:1800+30"]

1. d4 Nf6 2. c4 g6 3. g3 Bg7 4. Bg2 d5 5. cxd5 Nxd5 6. e4 Nb6 7. Ne2 O-O 8. O-O Nc6 9. d5 Na5 10. Nbc3 c6 11. b3 cxd5 12. exd5 e6 {[%emt 0:05:32] D72: Fianchetto Grünfeld: 5 cxd5 Nxd5 6 e4 Nb6 (without Nf3).} 13. Ba3 (13. d6 {is interesting.} Nc6 14. Be3 Be5 15. Bf4) 13... Re8 14. d6 a6 (14... Bd7 $14) 15. Rc1 $16 {[%emt 0:03:07] [#]} Bd7 $146 ({Predecessor:} 15... e5 16. Ne4 f5 17. Nc5 Nc6 18. Nxb7 Bxb7 19. Bxc6 Bxc6 20. Rxc6 Nd7 21. Qd5+ Kh8 {1-0 (28) Golikov,A (2370)-Stajcic,N (2290) Kecskemet 1990}) 16. Ne4 $1 Nc6 17. Nc5 Bc8 {[%emt 0:00:31] [#]} (17... Nd5 $16 18. Nf4 (18. Nxb7 Qb8 $16) 18... Nxf4 19. gxf4 Ra7) 18. Nxb7 $1 $18 Bxb7 19. Bxc6 Bxc6 20. Rxc6 Nd5 21. Qd2 a5 22. Rd1 (22. Rfc1 $18) 22... Qd7 23. Rc4 {[%emt 0:01:16] Black must now prevent Nf4.} a4 {[%emt 0:08:51] Threatens to win with ...axb3.} 24. Bc5 axb3 25. axb3 Qb5 26. Qc2 Red8 27. Nf4 Nf6 28. h4 {[%emt 0:03:37] White is more active.} Nd7 29. Be3 ({White should try} 29. b4 $14) 29... Ne5 $11 30. Rc5 Qb7 (30... Qb4 $1 $11 {keeps the balance.}) 31. Rc7 $36 {[%emt 0:00:46][%mdl 2048] Black is under strong pressure. White leaves nothing to chance now.} Qb5 (31... Qf3 $16) 32. Bc5 $1 $18 Bf8 33. Qc3 Nd7 34. b4 Bg7 35. Qe3 Qa4 36. Re1 Re8 37. Qe4 Rab8 38. Kg2 Red8 $2 {[%emt 0:01:24] [#]} (38... Rbd8 39. h5 Rf8 40. hxg6 hxg6) 39. h5 $2 (39. Nxe6 $1 Re8 {[#]} 40. Qc4 $1) 39... Qa8 40. hxg6 {[%emt 0:01:37] Chess con chili.} hxg6 41. Qxa8 Rxa8 42. Rd1 Kf8 43. Ba7 Ke8 (43... Be5 {keeps fighting.} 44. b5 Nf6) 44. b5 {[%emt 0:00:48] aiming for Nh3.} Rab8 $2 (44... Bf8 45. b6 Nxb6) 45. Bxb8 {[%emt 0:00:00] White is clearly winning.} Rxb8 46. Rdc1 {[%emt 0:00:00] Intending Rc8+ and mate.} Nb6 {[%emt 0:00:00] Against Rc8+} 47. Re7+ {[%emt 0:00:00] Weighted Error Value: White=0.26 (precise) /Black=0.38} 1-0

[Event "FIDE WSCC 50 2022"]
[Site "Assisi"]
[Date "2022.11.26"]
[Round "11.10"]
[White "Arakhamia-Grant, Ketevan"]
[Black "Vinter-Schou, Uffe"]
[Result "0-1"]
[ECO "B48"]
[WhiteElo "2327"]
[BlackElo "2375"]
[Annotator "TA"]
[PlyCount "81"]
[EventDate "2022.11.14"]
[EventType "swiss"]
[EventCountry "ITA"]
[SourceTitle "playchess.com"]
[Source "ChessBase"]
[SourceQuality "1"]
[TimeControl "40/5400+30:1800+30"]

1. e4 c5 2. Nf3 e6 3. d4 cxd4 4. Nxd4 Nc6 5. Nc3 Qc7 6. Be3 Nf6 7. Qd2 a6 8. O-O-O Be7 {[%emt 0:01:19] now supersedes 8...Bb4. B48: Sicilian: Taimanov: 5 Nc3 Qc7 6 Be3 a6 without Be2.} 9. f3 b5 10. g4 {[%emt 0:00:30][%cal Bg2g4,Bg4g5][%mdl 32] 10.Kb1 is not played anymore.} Nxd4 {[%emt 0:01:16] The position is equal.} 11. Bxd4 Bb7 12. g5 {[%emt 0:06:16] Prevents b4. is the legacy move (12.Kb1).} Nh5 13. h4 O-O 14. Bh3 f5 15. gxf6 Bxf6 {[%emt 0:00:17] [#]} 16. Bxf6 $146 ({Predecessor:} 16. Rhg1 Bxd4 17. Qxd4 Rf7 18. Kb1 Rc8 19. Rd2 Nf4 20. Bf1 Qc5 21. a4 b4 22. Nd1 {0-1 (38) Moe,M (2152)-Vestby Ellingsen,M (2335) Helsingor 2019}) 16... Nxf6 17. Rhg1 Rf7 18. Kb1 Raf8 19. a3 Bc6 20. Qg5 Kh8 21. Rg2 Ne8 22. Bg4 Nf6 23. h5 (23. Bh3 $11 {remains equal.}) 23... h6 ({Black should try} 23... Nxg4 $1 $17 24. fxg4 (24. Qxg4 Qf4 $17) 24... Qf4) 24. Qc5 $1 $11 Nxg4 25. fxg4 Rf1 26. Rg1 (26. g5 {looks sharper.} Rxd1+ 27. Nxd1 Rf1 28. Rf2) 26... Rxd1+ 27. Rxd1 {[%emt 0:01:46] [#]} (27. Nxd1 $15 Qd8 28. Nc3) 27... Qf4 $1 $17 28. e5 Rf7 29. Rd4 (29. Rg1 $17) 29... Qf1+ 30. Ka2 (30. Rd1 $17 Qg2 31. Qd4) 30... Qf2 $19 {[%emt 0:00:10] Threatens to win with ...Rf4.} 31. Nd1 Qg1 {[%emt 0:00:17] And now ...Rf4 would win.} 32. Nc3 Rf1 ({Better is} 32... Kg8 $19 {White must now prevent ...Rf3.} 33. Qd6 Qg2) 33. Qa7 $2 {[%emt 0:06:46][%mdl 8192] This costs White the game.} (33. Ne4 $17 Rf7 34. Qd6) 33... Kh7 34. Rxd7 (34. Kb3 $142) 34... Bxd7 35. Qxd7 {[%emt 0:00:07][%mdl 4096] Endgame KQR-KQN} Ra1+ 36. Kb3 Qxg4 {[%emt 0:00:04][%csl Gb5][%cal Rg4c4] Black is clearly winning.} 37. Qd3+ Qf5 38. Ne4 {[%emt 0:00:28][%cal Oe4f6] [#]} Rg1 $1 (38... Qxh5 $2 {gets mated.} 39. Nf6+ Kh8 40. Qh7#) 39. Qe3 Rg4 40. Nd6 Qxh5 41. Qd3+ {[%emt 0:02:05] Weighted Error Value: White=0.44/Black=0.10 (very precise)} 0-1

[Event "FIDE WSCC 50 2022"]
[Site "Assisi"]
[Date "2022.11.26"]
[Round "11.11"]
[White "Zeller, Frank"]
[Black "Al-Ali, Hussein Ali Hussein"]
[Result "1/2-1/2"]
[ECO "D52"]
[WhiteElo "2359"]
[BlackElo "2231"]
[Annotator "TA"]
[PlyCount "90"]
[EventDate "2022.11.14"]
[EventType "swiss"]
[EventCountry "ITA"]
[SourceTitle "playchess.com"]
[Source "ChessBase"]
[SourceQuality "1"]
[TimeControl "40/5400+30:1800+30"]

1. d4 d5 2. c4 e6 3. Nf3 Nf6 4. Nc3 c6 5. Bg5 Nbd7 6. e3 Qa5 7. Nd2 Bb4 8. Qc2 Ne4 9. Ndxe4 dxe4 10. Bh4 O-O 11. Be2 e5 12. O-O exd4 13. exd4 f5 {[%emt 0:03:07] D52: Queen's Gambit Declined: Cambridge Springs Variation.} 14. f3 {[%emt 0:12:21] [#]} e3 $146 ({Predecessor:} 14... exf3 15. Bxf3 Nb6 16. c5 Bxc3 17. bxc3 Nd5 18. Rae1 Nxc3 19. Qb3+ Kh8 20. Qf7 Rg8 {1-0 (30) Vera,S (2173)-Huanca,E (1948) Cochabamba 2019}) 15. f4 Re8 {[%emt 0:02:17] White is better.} 16. Bd3 Nf8 17. Rae1 Ng6 {[%emt 0:03:05] Against a3} 18. Bg3 Qd8 19. a3 (19. Bxf5 Bxf5 20. Qxf5 Qxd4 $15) 19... Bf8 20. Ne2 (20. Bxf5 Bxf5 21. Qxf5 Qxd4 $15) 20... Qf6 21. Rd1 c5 ({Black should play} 21... Bd7 $14) 22. d5 $16 Bd7 23. Be1 Bd6 24. Bc3 Qf7 25. Rf3 Re7 26. Rdf1 a6 (26... Rf8 $16) 27. Rg3 $18 Qf8 {[%emt 0:00:14] Against h4} 28. Kh1 b5 29. b3 bxc4 30. bxc4 (30. Bxc4 $6 Bb5 $14) 30... Rb8 31. Rff3 Rb7 32. Rg5 (32. Rxe3 {simplifies} Rxe3 33. Rxe3 Bxf4 34. Nxf4 Nxf4 35. Bf1) 32... Qb8 33. g3 (33. Bxf5 $2 Bxf5 34. Qxf5 Rb1+ 35. Ng1 e2 $19) (33. g4 {is interesting.} Nxf4 34. gxf5 Ba4 35. Qxa4 Nxd3 36. f6) 33... Rb3 34. h4 (34. Rf1 $14) 34... Rxa3 35. h5 Nf8 (35... Ba4 $2 36. Qc1 Qb3 37. hxg6 $18) 36. Bxf5 {[%emt 0:01:28] [#]} (36. Qc1 $11 Ra2 37. Rxe3) 36... Bxf5 (36... Rxc3 $1 $15 37. Nxc3 (37. Qxc3 $2 Bxf5 38. Rxe3 Qb1+ 39. Kg2 Be4+ 40. Kf2 h6 $19) 37... h6 38. Bxd7 (38. Rg4 $2 Bxf5 39. Qxf5 Qb2 $19) 38... hxg5) 37. Rxf5 $14 (37. Qxf5 $2 {[#]} Rxc3 $1 38. Nxc3 e2 39. Nxe2 Rxe2 $19) 37... Rxc3 38. Nxc3 $16 {[%emt 0:00:15] Black must now prevent Ne4.} Qc8 $2 (38... Qb4 $16) 39. g4 (39. h6 $142) 39... g6 $18 40. Rg5 Qe8 {[%emt 0:02:01] Strongly threatening ...e2.} 41. Ne2 h6 42. Rxg6+ Nxg6 43. hxg6 (43. Qxg6+ Qxg6 44. hxg6 Re4 $14) 43... Re4 $2 (43... Rg7 {was worth a try.} 44. Kg2 (44. f5 Qe5 $11) 44... Rxg6) 44. Kg2 (44. Qd3 a5 45. Kg2 Kg7 $18) 44... Kg7 45. Kf1 $2 ({Weaker is} 45. Ng3 e2 46. Qc3+ (46. Nxe4 $2 {is the wrong capture.} e1=N+ 47. Kh3 Nxc2 $19) (46. Qxe4 Qxe4 47. Nxe4 e1=Q $15) 46... Be5 $16) (45. Qb2+ $18 Kg8 46. Qf6) 45... Qxg6 {[%emt 0:02:08] Weighted Error Value: White=0.36/Black=0.35} 1/2-1/2

[Event "FIDE WSCC 50 2022"]
[Site "Assisi"]
[Date "2022.11.26"]
[Round "11.12"]
[White "Prie, Eric"]
[Black "Dishman, Stephen"]
[Result "1-0"]
[ECO "B06"]
[WhiteElo "2356"]
[BlackElo "2255"]
[Annotator "TA"]
[PlyCount "75"]
[EventDate "2022.11.14"]
[EventType "swiss"]
[EventCountry "ITA"]
[SourceTitle "playchess.com"]
[Source "ChessBase"]
[SourceQuality "1"]
[TimeControl "40/5400+30:1800+30"]

1. e4 c5 2. Nf3 g6 3. c3 d5 4. exd5 Qxd5 5. d4 Bg7 6. Na3 cxd4 7. Nb5 Na6 8. Be3 Nf6 $1 {[%emt 0:02:11] B06: Modern Defence.} 9. Qxd4 b6 {[%emt 0:14:38] is the legacy move (9...0-0).} 10. Bc4 Qxd4 {[%emt 0:00:43] The position is equal.} 11. Bxd4 Bb7 12. O-O {[%emt 0:02:57] Rfe1 is the strong threat.} (12. O-O-O $5 ) 12... O-O 13. Rfe1 {[%emt 0:00:15] [#]} e6 $146 ({Predecessor:} 13... Rfc8 14. Rxe7 Bxf3 15. Bxf7+ Kf8 16. Rae1 Be4 17. Bxf6 Bxf6 18. R7xe4 Nc5 19. Bd5 Nxe4 20. Bxa8 Nxc3 21. Nxc3 Rxa8 {½-½ (37) Afek,Y (2316)-Kulaots,K (2550) Gausdal 2006}) 14. a4 Bd5 15. Bxf6 Bxf6 16. Bxd5 exd5 17. a5 {[%emt 0:07:07] White is more active.} Rfd8 (17... Rab8 $1 $11) 18. h4 h5 19. g3 Kg7 20. Red1 Nc5 21. Nc7 (21. axb6 {simplifies} axb6 22. Rxa8 Rxa8 23. Rxd5 Ra2 24. Nc7) 21... Rac8 22. axb6 ({Don't play} 22. Nxd5 $6 Nb3 23. Rab1 Nxa5 $11) 22... axb6 23. Nxd5 b5 24. Nxf6 {[%emt 0:03:37] Pair of Knights!} Rxd1+ {[%emt 0:00:03] This costs Black the game.} (24... Kxf6 $16 25. Rxd8 Rxd8) 25. Rxd1 $18 Kxf6 $16 {[%emt 0:00:02][%mdl 4096] Endgame [#] KRN-KRN} 26. Rd6+ $1 Ke7 27. Rb6 Ra8 28. Rxb5 Ra1+ 29. Kg2 Nd3 30. Rb7+ Ke8 31. Ng5 f6 32. Ne4 f5 33. Nf6+ Kf8 34. Nd5 Rd1 35. Nf4 Ne5 36. Rb5 {[%emt 0:00:30] White is clearly winning.} Ng4 37. Nxg6+ Kg7 38. Ne5 {[%emt 0:01:56] Weighted Error Value: White=0.08 (flawless) /Black=0.32} 1-0

[Event "FIDE WSCC 50 2022"]
[Site "Assisi"]
[Date "2022.11.26"]
[Round "11.13"]
[White "Jhunjhnuwala, Krishan"]
[Black "Mantovani, Renzo"]
[Result "0-1"]
[ECO "C45"]
[WhiteElo "2326"]
[BlackElo "2246"]
[Annotator "TA"]
[PlyCount "83"]
[EventDate "2022.11.14"]
[EventType "swiss"]
[EventCountry "ITA"]
[SourceTitle "playchess.com"]
[Source "ChessBase"]
[SourceQuality "1"]
[TimeControl "40/5400+30:1800+30"]

1. e4 e5 2. Nf3 Nc6 3. d4 exd4 4. Nxd4 Bc5 5. Nb3 Bb6 6. Nc3 d6 7. a4 a6 8. Nd5 {[%emt 0:06:17] The old main line.} Ba7 9. Qe2 {[%emt 0:05:05] C45: Scotch Game.} Be6 10. Be3 Bxe3 11. Qxe3 {[%emt 0:00:16] The position is equal.} Nf6 12. O-O-O O-O $1 13. Nxf6+ Qxf6 14. Nd4 {[%emt 0:01:16] [#]} Rfe8 $146 ({Predecessor:} 14... Bd7 15. f3 Rfe8 16. Bc4 Ne5 17. Bb3 b5 18. axb5 axb5 19. Ne2 Be6 20. Kb1 Ra6 {0-1 (34) Vajda,A (2180)-Petran,P (2485) Budapest 1993}) 15. f3 Qe5 16. Nxe6 Qxe6 17. Qc3 Qa2 18. b3 $1 Qa3+ 19. Qb2 ({White should try} 19. Kb1 $1 $11) 19... Qb4 (19... Qc5 {looks sharper.} 20. c3 b5 21. b4 Qh5) 20. c3 Qa5 21. c4 {[%emt 0:09:11] [#]} (21. Rd5 $11 Qb6 22. Kb1) 21... Re5 (21... Nb4 $1 $17 22. g4 c6) 22. h4 {[%emt 0:01:13] [#]} ({White should play} 22. Qd2 $15) 22... Qc5 (22... Nb4 $142 $1 23. g4 b5 24. cxb5 axb5 25. Bxb5 Rxb5 26. axb5 Qxb5) 23. Kb1 $17 Qe3 24. h5 h6 25. Be2 Rae8 26. Rd3 {[%emt 0:02:01] Prevents f5.} Qc5 27. Rd5 Qf2 28. Bd1 Qb6 29. Rd2 (29. g4 $15) 29... Qe3 30. Be2 Nb4 31. Bd1 a5 {[%emt 0:01:27] Black is much more active.} 32. Rh4 (32. Qd4 $17 Qxd4 33. Rxd4) 32... Rg5 (32... Qe1 $19 33. Rg4 f6) 33. Rh1 (33. g4 $17 {is a better defense.}) 33... b6 (33... Ree5 $19 34. Re2 Qf4) 34. Rf1 (34. Re2 $17 Qf4 35. Qd2 Qxd2 36. Rxd2) 34... Rxh5 $19 35. g3 (35. Re2 $142 Qg5 36. Qd2) 35... Rh3 36. g4 Rg3 37. Qd4 Qxd4 38. Rxd4 Rg2 {[%emt 0:00:21] Inhibits Rd2.} 39. f4 Rg3 {[%emt 0:01:17] Prevents e5. Black has a decisive advantage.} 40. Bf3 g5 41. e5 dxe5 42. fxe5 {[%emt 0:00:58] Weighted Error Value: White=0.32/Black=0.19 (very precise)} 0-1

[Event "FIDE WSCC 50 2022"]
[Site "Assisi"]
[Date "2022.11.26"]
[Round "11.14"]
[White "Krizsany, Laszlo"]
[Black "Teo, Kok Siong"]
[Result "1-0"]
[ECO "E94"]
[WhiteElo "2371"]
[BlackElo "2142"]
[Annotator "TA"]
[PlyCount "88"]
[EventDate "2022.11.14"]
[EventType "swiss"]
[EventCountry "ITA"]
[SourceTitle "playchess.com"]
[Source "ChessBase"]
[SourceQuality "1"]
[TimeControl "40/5400+30:1800+30"]

1. d4 g6 2. c4 Bg7 3. e4 d6 4. Nc3 Nd7 5. Be2 e5 6. Nf3 Ngf6 7. O-O O-O 8. Be3 Qe7 9. Qc2 c6 10. d5 c5 {[%emt 0:07:31] E94: King's Indian: Classical: 6 Be2 e5 7 0-0: Various Black 7th moves.} 11. Ne1 {[%emt 0:06:57] White is more active.} Ne8 12. a3 f5 {[%emt 0:01:19] White is slightly better.} 13. f3 f4 14. Bf2 g5 15. b4 {[%emt 0:00:57] [#]} b6 $146 ({Predecessor:} 15... Rf6 16. Nd3 Rh6 17. bxc5 Nxc5 18. Nxc5 dxc5 19. d6 Qf7 20. g4 fxg3 21. Bxg3 Nxd6 {0-1 (58) Choisy,M-Sarquis,M Heraklion 2002}) 16. Rb1 Ndf6 17. bxc5 dxc5 {[%emt 0:03:55] [#]} (17... bxc5 $14 18. Nd3 Nc7) 18. a4 $1 $16 g4 {[%emt 0:01:47][%cal Og4g3] Against a5} 19. a5 {[%emt 0:01:07] Against g3} (19. Bh4 $16) 19... g3 $1 $14 20. hxg3 {[%emt 0:00:25] Threatens to win with g4.} fxg3 (20... Nh5 $1 $14 21. gxf4 (21. axb6 $2 fxg3 22. f4 gxf2+ 23. Rxf2 Nxf4 $19) 21... exf4 22. axb6 axb6) 21. Bxg3 $16 Nh5 22. Bh2 ({Better is} 22. Bf2) 22... Bh6 23. g4 (23. axb6 $6 Be3+ 24. Rf2 (24. Kh1 $2 Qh4 $19) 24... axb6 $11) 23... Be3+ 24. Kh1 Nf4 25. Nd1 (25. axb6 axb6 26. Ng2 (26. Rxb6 h5 $11) 26... Nxg2 $11) ({White should play} 25. Bd3 $16) 25... Bd4 $1 $14 26. Nd3 Qh4 27. Nxf4 exf4 28. Nb2 ({White should try} 28. Qd2 $16) 28... Rf6 {[%emt 0:01:30] [#]} (28... h5 $1 $11) 29. Rg1 $1 Nd6 {[%emt 0:06:14] Inhibits e5.} (29... Rh6 30. Rg2 $16) 30. Nd3 $36 {[%emt 0:03:24][%cal Oe4e5][%mdl 2048] aiming for e5! White has good play. Dancing on a razor blade.} Nf7 {[%emt 0:00:49] Inhibits e5.} (30... Bxg1 $14 31. Rxg1 (31. Kxg1 Bxg4 32. fxg4 f3 $11) 31... Rh6) 31. Rg2 {[%emt 0:04:19] Hoping for Qa4.} Ne5 (31... Bd7 $142) 32. Nxe5 $16 Bxe5 {[%emt 0:00:07] [#]} 33. Qa4 $1 {[%emt 0:00:19] Prevents Bd7. And now Qe8+ would win.} Ba6 34. Qd7 {[%emt 0:00:47] g5 is the strong threat.} Rd6 {[%emt 0:00:35] Against g5} 35. Qf5 Re8 36. Qh5 Qe7 37. axb6 Rxb6 {[%emt 0:00:23][%mdl 8192] Black cannot hold the game after this.} (37... axb6 $16 {is more resistant.} 38. Rb3 Bb7) 38. Rxb6 $18 {[%emt 0:01:05] White is clearly winning.} axb6 39. g5 ({Not} 39. Qh6 Qd6 40. Qg5+ (40. Qh5 Qg6 $18) 40... Kf7 $18) 39... Kg7 40. Qh6+ Kh8 41. g6 Qg7 42. Bxf4 Bxf4 43. Qxf4 {[%emt 0:00:00] Strongly threatening d6.} hxg6 44. Qg5 Kh7 {[%emt 0:00:00] Weighted Error Value: White=0.16 (very precise) /Black=0.37} 1-0

[Event "FIDE WSCC 50 2022"]
[Site "Assisi"]
[Date "2022.11.26"]
[Round "11.15"]
[White "Arkell, Keith C"]
[Black "Kantorik, Marian"]
[Result "1-0"]
[ECO "A12"]
[WhiteElo "2408"]
[BlackElo "2171"]
[Annotator "TA"]
[PlyCount "80"]
[EventDate "2022.11.14"]
[EventType "swiss"]
[EventCountry "ITA"]
[SourceTitle "playchess.com"]
[Source "ChessBase"]
[SourceQuality "1"]
[TimeControl "40/5400+30:1800+30"]

1. c4 c6 2. Nf3 d5 3. b3 Nf6 4. Bb2 g6 5. cxd5 cxd5 6. Bxf6 {[%emt 0:00:09] A12: English Opening: 1...c6 with b3 by White.} exf6 7. d4 (7. e3 $11) 7... Bg7 ({Better is} 7... Qa5+ $17 8. Nbd2 Ba3) 8. g3 O-O 9. Bg2 {[%emt 0:00:02] [#]} Nc6 $146 ({Predecessor:} 9... f5 10. e3 Nd7 11. Nbd2 Nf6 12. O-O Ne4 13. Ne5 Qd6 14. Ndf3 g5 15. Nd3 Bh6 {½-½ (43) Katkov,V (2018)-Aloyan,M (1759) Voronezh 2018}) 10. O-O Bf5 (10... Be6 {is more appropriate.}) 11. Nc3 $11 Be4 12. e3 Qd7 13. Ne1 Bxg2 14. Kxg2 Rfd8 15. Nd3 Rac8 16. Rc1 Bf8 17. Nf4 Ne7 18. Qf3 Rc6 19. Na4 Nf5 20. Nc5 Bxc5 21. dxc5 Ne7 22. Rfd1 Kg7 23. b4 {[%emt 0:01:17][%cal Bb3b4,Bb4b5][%mdl 32] White is more active.} Qf5 24. b5 Rc7 25. Nd3 Qe4 26. Rc2 (26. a3 $14) 26... f5 27. Rdd2 Rdc8 28. Rc3 Kf6 29. Rdc2 (29. Ra3 $5 ) 29... g5 30. Nc1 (30. a3 {with more complications.} d4 31. exd4 Rd8 32. Qxe4 fxe4 33. Nb4) 30... Ng6 {[%emt 0:05:16][%cal Be7g6,Bg6e5,Be5d3][%mdl 32] The position is equal.} 31. Qxe4 fxe4 32. Nb3 Ne5 33. Kf1 ({Don't play} 33. Nd4 Nd3 34. Kf1 Rxc5 35. Rxc5 Rxc5 36. Rxc5 Nxc5 $17) 33... g4 34. Ke2 h5 35. a4 Nd3 36. a5 Nb4 {[%emt 0:00:59] Against c6} 37. Rd2 {[%emt 0:00:42] [#] And now Rd4 would win.} Nd3 38. b6 axb6 39. axb6 Rc6 40. Rcc2 ({But not} 40. Na5 $2 Rxc5 41. Rxc5 Rxc5 42. Nxb7 Rc6 $19) 40... Ke5 {[%emt 0:05:51] Weighted Error Value: White=0.15 (very precise) /Black=0.15 (very precise)} (40... Ke7 $11) 1-0